 Dungeon Crawl Stone Soup version 0.28-a0-691-gad6df49e81 (webtiles) character file.

Game seed: 7052115206186683584

1463 KoroneIsBestGirl the Frost Mage (level 8, -14/52 HPs)
             Began as a Barachi Ice Elementalist on Oct 21, 2021.
             Demolished by an ogre (22 damage)
             ... on level 6 of the Dungeon.
             The game lasted 00:08:45 (7927 turns).

KoroneIsBestGirl the Frost Mage (BaIE)              Turns: 7927, Time: 00:08:46

Health: -14/52     AC:  4    Str: 18    XL:     8   Next: 77%
Magic:  6/17       EV: 14    Int: 18    God:
Gold:   348        SH:  0    Dex: 12    Spells: 11/19 levels left

rFire   . . .      SeeInvis .   g - +2 quarterstaff (chaos)
rCold   . . .      Faith    .   (shield currently unavailable)
rNeg    . . .      Spirit   .   a - +0 robe
rPois   .          Reflect  .   (no helmet)
rElec   .          Harm     .   t - +0 cloak of Uskayaw's Approval {Str+2}
rCorr   .          Rampage  .   (no gloves)
Will    .....                   q - +0 pair of boots
Stlth   ++........              (no amulet)
HPRegen 0.17/turn               j - +6 ring of strength
MPRegen 0.15/turn               (no ring)

@: lethally poisoned (-14 -> -21), unable to hop, freezing walls, slow
A: amphibious, slowness 1, strong legs 1, +LOS
a: Hop


You were on level 6 of the Dungeon.
You visited 2 branches of the dungeon, and saw 7 of its levels.

You collected 348 gold pieces.

Inventory:

Hand Weapons
 g - a +2 quarterstaff of chaos (weapon)
Armour
 a - a +0 robe (worn)
 d - a +0 cloak
 q - a +0 pair of boots (worn)
 t - the +0 cloak of Uskayaw's Approval (worn) {Str+2}
   (You found it on level 5 of the Dungeon)

   Str:       It affects your strength (+2).
Jewellery
 j - a +6 ring of strength (left hand)
Wands
 h - a wand of mindburst (30)
 m - a wand of polymorph (9)
Scrolls
 c - 4 scrolls of fog
 e - 2 scrolls of teleportation
 k - a scroll of torment
 p - a scroll of enchant armour
 r - a scroll of magic mapping
 s - 2 scrolls of immolation
 u - a scroll of vulnerability
 v - a scroll of acquirement
 w - a scroll of noise {unknown}
Potions
 b - a potion of resistance {unknown}
 f - a potion of ambrosia {unknown}
 i - a potion of brilliance {unknown}
 l - a potion of curing {unknown}
 n - 2 potions of degeneration {unknown}
 o - a potion of flight {unknown}


   Skills:
 + Level 6.7 Dodging
 - Level 1.7 Stealth
 + Level 6.2 Spellcasting
 + Level 3.0 Conjurations
 + Level 8.5 Ice Magic


You had 11 spell levels left.
You knew the following spells:

 Your Spells              Type           Power      Damage    Failure   Level
a - Freeze                Ice            100%       1d11      1%          1
b - Frozen Ramparts       Ice            72%        1d9       1%          3
c - Hailstorm             Conj/Ice       26%        3d7       11%         4

Your spell library contained the following spells:

 Spells                   Type           Power      Damage    Failure   Level
 Ozocubu's Armour         Ice            36%        N/A       1%          3
 Shock                    Conj/Air       44%        1d5       6%          1
 Scorch                   Fire           10%        2d5       19%         2
 Swiftness                Air            5%         N/A       34%         3
 Flame Wave               Conj/Fire      11%        3d4       54%         4
 Airstrike                Air            2%         N/A       75%         4
 Summon Cactus Giant      Summ           2%         N/A       100%        6


Dungeon Overview and Level Annotations

Branches:
Dungeon (6/15)             Temple (1/1) D:4

Altars:
Ashenzari
Cheibriados
Dithmenos
Elyvilon
Fedhas
Hepliaklqana
Kikubaaqudgha
Makhleb
Nemelex Xobeh
Okawaru
Qazlal
Ru
Sif Muna
Trog
Uskayaw
Vehumet
Wu Jian
Xom
Yredelemnul
Zin
The Shining One

Annotations:
D:3 Grinder


Innate Abilities, Weirdness & Mutations

You are amphibious.
You cover ground slowly.
You can hop short distances.
You have an extended range of vision and can be seen from far away.


Message History

The scorpion is almost dead.
The wall freezes the centaur.
The centaur hits you. The centaur kicks you. The scorpion stings you.
You are poisoned.
The scorpion poisons you!
The wall freezes the iguana.
Casting: Freeze (safe; 1% risk of failure)
Confirm with . or Enter, or press ? or * to list all spells.
Aiming: Freeze (safe; 1% risk of failure)
Press: ? - help, Shift-Dir - straight line, f/p - scorpion
Aim: a scorpion (almost dead)
You freeze the scorpion.
You kill the scorpion!
* * * LOW HITPOINT WARNING * * *
You feel very sick.
The wall freezes the centaur.
The centaur hits you but does no damage.
The centaur misses you.
The wall freezes the iguana.
The wall freezes the centaur.
You kill the centaur!
Your Conjurations skill increases to level 3!
Casting: Freeze (safe; 1% risk of failure)
Confirm with . or Enter, or press ? or * to list all spells.
Aiming: Freeze (safe; 1% risk of failure)
Press: ? - help, Shift-Dir - straight line, f - iguana
Aim: an iguana (heavily wounded)
You freeze the iguana.
The iguana is severely wounded.
* * * LOW HITPOINT WARNING * * *
You feel sick.
The wall freezes the ogre.
The iguana barely misses you.
Casting: Freeze (safe; 1% risk of failure)
Confirm with . or Enter, or press ? or * to list all spells.
Aiming: Freeze (safe; 1% risk of failure)
Press: ? - help, Shift-Dir - straight line, f/p - iguana
Aim: an iguana (severely wounded)
You freeze the iguana!
You kill the iguana!
* * * LOW HITPOINT WARNING * * *
You feel sick.
The wall freezes the ogre.
The ogre hits you with a +0 giant club!!
You die...

.......l.......#
...............##
.................
..........c......
#s........ #.........
#......... #######
######......... ......#
#...@O......... ......#
#....†.......## ......#
#............# ......#
#............# ......#
#............# ......#
#............#
......#######............#
######......######.......#
#....'......# #.......#


You could see an ogre.

Vanquished Creatures
  Sigmund (D:2)
  The ghost of Aneyh the Covered, an amateur DgFi (D:4)
  Edmund (D:4)
  A centaur (D:6)
  An ogre (D:5)
  A bullfrog (D:6)
  2 scorpions
  A water moccasin skeleton (D:4)
  A howler monkey (D:5)
  A bullfrog zombie (D:4)
  A jelly (D:4)
  4 hounds
  A bullfrog skeleton (D:4)
  Crazy Yiuf (D:2)
  Jessica (D:3)
  Ijyb (D:3)
  Terence (D:2)
  2 orc wizards (D:5)
  Natasha (thrice) (D:2)
  3 iguanas
  3 adders (D:2)
  A shadow imp (D:6)
  An ufetubus (D:4)
  2 worms
  3 dart slugs
  19 orcs
  3 bats
  11 endoplasms
  3 giant cockroaches
  4 goblins (D:1)
  8 hobgoblins
  4 jackals (D:1)
  5 quokkas
  A ball python (D:2)
  3 frilled lizards
  8 kobolds
  6 rats
114 creatures vanquished.

Vanquished Creatures (others)
  4 fungi (D:1)
  4 toadstools (D:1)
8 creatures vanquished.

Grand Total: 122 creatures vanquished

Notes
Turn   | Place    | Note
-------+----------+-------------------------------------------
     0 | D:1      | KoroneIsBestGirl the Barachi Ice Elementalist began the
                  | quest for the Orb.
     0 | D:1      | Reached XP level 1. HP: 13/13 MP: 3/3
   174 | D:1      | Reached skill level 5 in Ice Magic
   174 | D:1      | Reached XP level 2. HP: 19/19 MP: 3/5
   898 | D:1      | Reached XP level 3. HP: 16/24 MP: 5/7
  1002 | D:1      | Learned a level 3 spell: Frozen Ramparts
  1967 | D:2      | Noticed Natasha
  1973 | D:2      | Reached XP level 4. HP: 30/30 MP: 5/8
  1978 | D:2      | Killed Natasha
  1991 | D:2      | Noticed Natasha
  1998 | D:2      | Killed Natasha
  2100 | D:2      | Noticed Sigmund
  2111 | D:2      | Killed Sigmund
  2112 | D:2      | Reached skill level 6 in Ice Magic
  2112 | D:2      | Reached XP level 5. HP: 12/35 MP: 6/11
  2112 | D:2      | Reached XP level 6. HP: 14/41 MP: 6/12
  2135 | D:2      | Noticed Natasha
  2152 | D:2      | Killed Natasha
  2534 | D:2      | Noticed Terence
  2539 | D:2      | Killed Terence
  2613 | D:2      | Found a faded altar of an unknown god.
  2987 | D:2      | Found a runed translucent door.
  2988 | D:2      | Noticed Crazy Yiuf
  2994 | D:2      | Killed Crazy Yiuf
  3125 | D:3      | Noticed Ijyb
  3132 | D:3      | Killed Ijyb
  3941 | D:3      | Noticed Jessica
  3945 | D:3      | Killed Jessica
  3946 | D:3      | Reached XP level 7. HP: 46/46 MP: 11/13
  4115 | D:4      | Noticed Grinder
  4129 | D:3      | HP: 2/46 [Grinder/nerve-wracking pain (7)]
  4843 | D:4      | Reached skill level 5 in Dodging
  4843 | D:4      | Reached skill level 7 in Ice Magic
  4999 | D:4      | Found a transporter.
  4999 | D:4      | Noticed Aneyh's ghost (amateur DgFi)
  5175 | D:4      | Killed Aneyh's ghost
  5176 | D:4      | Reached skill level 5 in Spellcasting
  5195 | D:4      | Found a transporter.
  5763 | D:4      | Found a staircase to the Ecumenical Temple.
  5777 | Temple   | Entered the Ecumenical Temple
  6104 | D:4      | Learned a level 4 spell: Hailstorm
  6221 | D:4      | You fall into a shaft and drop 1 floor!
  6221 | D:5      | Entered Level 5 of the Dungeon
  6377 | D:4      | Noticed Edmund
  6381 | D:4      | Killed Edmund
  6382 | D:4      | Reached skill level 1 in Conjurations
  6382 | D:4      | Reached XP level 8. HP: 30/52 MP: 9/16
  6727 | D:5      | Identified a scroll of acquirement
  6806 | D:5      | Reached skill level 8 in Ice Magic
  6828 | D:5      | Identified the +0 cloak of Uskayaw's Approval {Str+2}
  7927 | D:6      | Demolished by an ogre

Illustrated notes

Levels and vault maps discovered:
D:1:      psy_arrival_basics, layout_loops_ring, minmay_gold_behind_fungi,
          corexii_hall_statues_l
D:2:      layout_basic, dreamdust_ecumenical_altar_statues, uniq_natasha,
          uniq_sigmund, uniq_crazy_yiuf_cottage, uniq_terence
D:3:      layout_loops_corners, due_unseen_surprise, uniq_ijyb, uniq_jessica
D:4:      layout_basic, minmay_temple_entry_stoned_glass,
          gammafunk_ghost_mausoleum, uniq_grinder, uniq_edmund
D:5:      layout_gridville
D:6:      layout_gridville, uniq_duvessa
Temple:   regret_index_temple_sigil_plot

Skill      XL: |  1  2  3  4  5  6  7  8 |
---------------+-------------------------+-----
Ice Magic      | 5 6 7 8 |  8.5
Dodging        | 3 4 6 |  6.7
Spellcasting   | 3 4 5 6 |  6.2
Conjurations   | 1 3 |  3.0
Stealth        | |  1.7

Action                   |  1- 3 |  4- 6 |  7- 9 || total
-------------------------+-------+-------+-------++-------
Melee: Unarmed           |    36 |     1 |       ||    37
       Quarterstaff      |       |     3 |    50 ||    53
 Cast: Freeze            |    44 |    41 |    88 ||   173
       Frozen Ramparts   |       |     5 |    12 ||    17
 Abil: Hop               |       |       |     2 ||     2
  Use: Scroll            |       |       |     9 ||     9
Armor: Robe              |    10 |     4 |    22 ||    36
Dodge: Dodged            |    38 |    33 |   105 ||   176

Table legend: (Time is in decaauts)
 A = Elapsed time spent in this place.
 B = Non-inter-level travel time spent in this place.
 C = Inter-level travel time spent in this place.
 D = Time resting spent in this place.
 E = Time spent auto-exploring this place.
 F = Levels seen in this place.
 G = Mean time per level.
                   A        B        C        D        E       F      G
               +--------+--------+--------+--------+--------+-----+--------+
         Total |   8677 |   8185 |    492 |    710 |   6487 |   7 | 1239.6 |
       Dungeon |   8310 |   7865 |    445 |    710 |   6193 |   6 | 1385.0 |
        Temple |    366 |    320 |     46 |      0 |    294 |   1 |  366.0 |
               +--------+--------+--------+--------+--------+-----+--------+

Top non-repeatable levels by time:
     D:4: 1851 daAuts
     D:1: 1839 daAuts
     D:3: 1626 daAuts
     D:2: 1577 daAuts
     D:5: 1062 daAuts
  Temple: 366 daAuts
     D:6: 353 daAuts
